 Dungeon Crawl Stone Soup version 0.29-a0-409-gd843f3a48c (webtiles) character file.

Game seed: 784358926852155500

11 holysushi the Cutter (level 2, -2/19 HPs)
             Began as a Kobold Monk on May 14, 2022.
             Slain by an adder (4 damage)
             ... on level 1 of the Dungeon.
             The game lasted 00:00:28 (581 turns).

holysushi the Cutter (Kobold Monk)                   Turns: 581, Time: 00:00:28

Health: -2/19      AC:  2    Str:  8    XL:     2   Next: 35%
Magic:  2/2        EV: 16    Int: 11    God:
Gold:   30         SH:  0    Dex: 17    Spells: 1/1 levels left

rFire   . . .      SeeInvis .   a - +0 short sword
rCold   . . .      Faith    .   (no shield)
rNeg    . . .      Spirit   .   b - +0 robe
rPois   .          Reflect  .   (no helmet)
rElec   .          Harm     .   (no cloak)
rCorr   .          Rampage  .   (no gloves)
Will    .....                   (no boots)
Stlth   +++.......              (no amulet)
HPRegen 0.06/turn               (no ring)
MPRegen 0.08/turn               (no ring)

@: lethally poisoned (-2 -> -9)
A: small, no large weapons, nightstalker 3
a: no special abilities


You were on level 1 of the Dungeon.
You visited 1 branch of the dungeon, and saw 2 of its levels.

You collected 30 gold pieces.

Inventory:

Hand Weapons
 a - a +0 short sword (weapon)
Armour
 b - a +0 robe (worn)
Scrolls
 d - a scroll of noise {unknown}
 f - 2 scrolls of identify {unknown}
 i - a scroll of vulnerability {unknown}
Potions
 c - 2 potions of ambrosia
 e - a potion of curing {unknown}
 g - 2 potions of degeneration {unknown}
 h - a potion of cancellation {unknown}
 j - a potion of mutation {unknown}


   Skills:
 + Level 3.5 Fighting
 * Level 4.6 Short Blades
 - Level 3.6 Dodging
 - Level 2.6 Stealth


You had one spell level left.
You didn't know any spells.
Your spell library contained the following spells:

 Spells                   Type           Power      Damage    Failure   Level
 Sting                    Tmut/Pois      0%         1d3       34%         1
 Poisonous Vapours        Pois/Air       0%         N/A       47%         2
 Olgreb's Toxic Radiance  Pois           0%         N/A       98%         4


Dungeon Overview and Level Annotations

Branches:
Dungeon (2/15)

Altars:


Innate Abilities, Weirdness & Mutations

You are small and have problems with some larger weapons.
You are completely attuned to the shadows.


Message History

The adder bites you.
You are poisoned.
The adder poisons you!
There are monsters nearby!
You feel sick. The adder attacks as you move away!
The adder closely misses you.
You feel sick.
There is a stone staircase leading down here.
You feel sick. The adder bites you.
There is a stone staircase leading up, spattered with blood here.
You feel sick. The adder closely misses you.
You climb upwards.
You feel sick.
You are no longer poisoned.
There is a stone staircase leading down here.
Unknown command.
You hit the adder.
The adder is lightly wounded.
The adder closely misses you.
You miss the adder.
The adder is lightly wounded.
The adder closely misses you.
You hit the adder.
The adder is heavily wounded.
The adder completely misses you.
You barely miss the adder.
The adder is heavily wounded.
The adder bites you.
You are poisoned.
The adder poisons you!
You hit the adder but do no damage.
The adder is heavily wounded.
You feel sick. The adder barely misses you. The adder bites you.
* * * LOW HITPOINT WARNING * * *
You are more poisoned.
The adder poisons you!
You hit the adder.
The adder is almost dead.
* * * LOW HITPOINT WARNING * * *
You feel sick. The adder bites you.
You die...

.# #.##.........# ##
#.##.........#####
#.##.............#
######.###.#####......#
#...........####......#
#.........#....#......#
#.........#....#......#####
#.........##...####.......#
#.........##.@S...+.......#
######.#####.######.......#
#.# #......##.......# #.#
##.#.....+.......# #.#
#..#.....#.......####
#.###.##.....#.......#...
#.##..##....##.......#.##
#.##†###...........##...#
#.##.# #.....#####.##.#..


You could see an adder.

Vanquished Creatures
  A ball python (D:1)
  A giant cockroach (D:1)
  A goblin (D:1)
  2 hobgoblins (D:1)
  3 frilled lizards (D:1)
  A kobold (D:1)
  2 rats (D:1)
11 creatures vanquished.

Notes
Turn   | Place    | Note
-------+----------+-------------------------------------------
     0 | D:1      | holysushi the Kobold Monk began the quest for the Orb.
     0 | D:1      | Reached XP level 1. HP: 14/14 MP: 1/1
    91 | D:1      | Found a faded altar of an unknown god.
   418 | D:1      | Reached XP level 2. HP: 19/19 MP: 2/2
   581 | D:1      | Slain by an adder

Illustrated notes

Levels and vault maps discovered:
D:1:      erik_arrival_orb_chamber, layout_basic, basic_ecumenical_altar
D:2:      layout_loops_cross, basic_altar, minivault_27,
          hangedman_abyss_or_decor_lesser_grid

Action                   || total
-------------------------++-------
Melee: Short sword       ||    22
 Stab: Sleeping          ||     5
Dodge: Dodged            ||    12

Table legend: (Time is in decaauts)
 A = Elapsed time spent in this place.
 B = Non-inter-level travel time spent in this place.
 C = Inter-level travel time spent in this place.
 D = Time resting spent in this place.
 E = Time spent auto-exploring this place.
 F = Levels seen in this place.
 G = Mean time per level.
                   A        B        C        D        E       F      G
               +--------+--------+--------+--------+--------+-----+--------+
         Total |    578 |    572 |      6 |      0 |    481 |   2 |  289.0 |
       Dungeon |    578 |    572 |      6 |      0 |    481 |   2 |  289.0 |
               +--------+--------+--------+--------+--------+-----+--------+

Top non-repeatable levels by time:
     D:1: 570 daAuts
     D:2: 8 daAuts
